 Dungeon Crawl Stone Soup version 0.18-a0-1551-g40744a8 (webtiles) character file.

37 mrath the Charlatan (level 3, 0/26 HPs)
             Began as a Demonspawn Artificer on Mar 12, 2016.
             Succumbed to an adder's poison
             ... on level 2 of the Dungeon.
             The game lasted 00:05:18 (1263 turns).

mrath the Charlatan (Demonspawn Artificer)          Turns: 1263, Time: 00:05:18

Health: 0/26       AC:  4    Str: 11    XL:     3   Next: 21%
Magic:  5/5        EV: 12    Int: 18    God:
Gold:   32         SH:  0    Dex: 14    Spells: 0 memorised, 2 levels left

rFire  + . .     SeeInvis .     a - +0 short sword
rCold  . . .     Gourm    .     b - +0 leather armour
rNeg   . . .     Faith    .     (no shield)
rPois  .         Spirit   .     (no helmet)
rElec  .         Dismiss  .     n - +0 cloak
rCorr  .         Reflect  .     (no gloves)
SustAt .         Harm     .     (no boots)
MR     .....                    (no amulet)
Stlth  ++........               (no ring)
                                (no ring)

@: brilliant, lethally poisoned (0 -> -6), not resistant to hostile
enchantments, unstealthy
A: fire resistance 1
a: no special abilities


You were on level 2 of the Dungeon.
You were not hungry.

You visited 1 branch of the dungeon, and saw 2 of its levels.

You collected 32 gold pieces.

Inventory:

Hand Weapons
 a - a +0 short sword (weapon)
 l - a +0 long sword
Missiles
 o - 17 stones (quivered)
 p - 9 sling bullets
Armour
 b - a +0 leather armour (worn)
 n - a +0 cloak (worn)
Wands
 c - a wand of flame (13/48)
 d - a wand of enslavement (15/24)
 e - a wand of random effects (15/48)
Scrolls
 j - a scroll of identify {unknown}
 k - 2 scrolls of blinking {unknown}
 q - a scroll of recharging {unknown}
Potions
 m - a potion of experience {unknown}
 r - a potion of lignification {unknown}
Comestibles
 f - 3 bread rations
 g - 3 chunks of flesh
 h - a beef jerky


   Skills:
 + Level 1.4 Fighting
 + Level 1.1 Short Blades
 + Level 2.2 Dodging
 + Level 1.8 Stealth
 + Level 3.3 Evocations


You had 2 spell levels left.
You didn't know any spells.

Dungeon Overview and Level Annotations

Branches:
Dungeon (2/15)

Altars:


Innate Abilities, Weirdness & Mutations

Your flesh is heat resistant.


Message History

You feel clever all of a sudden.
The giant cockroach bites you but does no damage.
The adder bites you.
* * * LOW HITPOINT WARNING * * *
The goblin hits you but does no damage.
You barely miss the adder.
The adder is lightly wounded.
* * * LOW HITPOINT WARNING * * *
You feel sick. The giant cockroach closely misses you.
The adder closely misses you. The goblin misses you.
Your leather armour prevents you from hitting the adder.
The adder is lightly wounded.
The adder bites you.
* * * LOW HITPOINT WARNING * * *
The giant cockroach barely misses you. The goblin closely misses you.
The giant cockroach bites you but does no damage.
The adder closely misses you.
You miss the adder.
The adder is lightly wounded.
You die...

.......#..#######....###.>####
.......#.## #............
##.......## ####....#......
#........####....<..#....#.
#....###.......#..#.s..##.
#....# ####.##....#.##...
#....# #.........#....
###########...gSs........
##..........@......##
##..................#
####.........(.<........#
........................#
.......)..............###
.<...>................#
..รท...................#
......................#
...........#.....######


You could see an adder, 2 giant cockroaches and a goblin.

Vanquished Creatures
  A worm (D:2)
  A dart slug (D:1)
  2 giant geckos (D:2)
  A ball python (D:1)
  A giant cockroach (D:1)
  5 goblins (D:1)
  4 hobgoblins
  A quokka (D:2)
  4 bats
  2 giant newts (D:1)
  2 kobolds (D:1)
  5 rats
29 creatures vanquished.

Notes
Turn   | Place    | Note
--------------------------------------------------------------
     0 | D:1      | mrath the Demonspawn Artificer began the quest for the Orb.
     0 | D:1      | Reached XP level 1. HP: 15/15 MP: 3/3
     4 | D:1      | Reached skill level 1 in Stealth
   171 | D:1      | Reached skill level 1 in Short Blades
   269 | D:1      | Gained mutation: Your flesh is heat resistant. [demonic ancestry]
   269 | D:1      | Reached XP level 2. HP: 21/21 MP: 4/4
  1026 | D:2      | Reached XP level 3. HP: 18/26 MP: 5/5
  1262 | D:2      | HP: 1/26 [adder (3)]
  1263 | D:2      | Succumbed to an adder's poison

Vault maps used:
D:1:      minmay_arrival_checkered_box, minmay_misc_feat_room,
          nrook_mini_backslash
D:2:      elyvilon_altar_5, first_bread

Skill      XL: |  1  2 |
---------------+-------+-----
Stealth        | 1 |  1.8
Short Blades   | 1 |  1.1
Dodging        | 2 |  2.2
Fighting       | |  1.4
Evocations     | |  3.3

Action                   || total
-------------------------++-------
Melee: Short sword       ||   123
Evoke: Wand              ||     2
  Use: Potion            ||     1
  Eat: Chunk             ||     1
